AoeStats
← tony le gros rou

Arena

506467110Analyzed
4v4 RM · 17d ago on Sep 13, 2026· 33m 43s· 8 players
Game mode
Random Map
Map size
Large (8 player)
Population
200
Speed
Normal
Resources
Standard
Victory
Conquest
Starting age
Dark Age
Ending age
Imperial Age
RankedLock teamsTeams togetherTeam positionsShared explorationLock speedFull tech treeHidden civsTurbo modeCheats
Victory
Defeat
🇨🇳 Burmese · China
1380
+16
🇰🇷 Berbers · South Korea
1368
+16
🇨🇳 Khmer · China
1335
+18
🇭🇰 Burgundians · Hong Kong SAR China
1262
+21
🇫🇷 Gurjaras · France
1463
-21
🇫🇷 Britons · France
1444
-21
🇫🇷 Malians · France
1371
-18
🇫🇷 Goths · France
1220
-11
kdu0687
11:40 Feudal Age
16:10 Castle Age
14:10 Double-Bit Axe
14:18 Horse Collar
15:17 Gold Mining
17:19 Wheelbarrow
18:53 Bow Saw
20:25 Heavy Plow
23:50 Fletching
25:55 Bodkin Arrow
27:02 Ballistics
28:25 Gold Shaft Mining
28:20 Thumb Ring
29:03 Padded Archer Armor
30:00 Stone Mining
30:38 Loom
31:33 Treadmill Crane
34:52 Imperial Age
33:05 Stone Shaft Mining
32:53 Leather Archer Armor
33:02 Bloodlines
33:21 Hand Cart
32:52 Town Watch
33:42 Forging
33:37 Scale Barding Armor
33:53 Husbandry
33:15 Light Cavalry
广州气氛组组长
11:00 Feudal Age
15:23 Castle Age
13:52 Horse Collar
missed and miss
11:00 Feudal Age
14:06 Castle Age
12:16 Double-Bit Axe
12:24 Horse Collar
15:07 Bow Saw
18:20 Wheelbarrow
20:51 Man-at-Arms
23:15 Ballistics
22:51 Loom
22:43 Long Swordsman
24:43 Hand Cart
32:44 Imperial Age
32:07 Gold Mining
32:08 Stone Mining
32:19 Heavy Plow
32:33 Forging
32:23 Scale Mail Armor
33:50 Gold Shaft Mining
33:51 Stone Shaft Mining
33:52 Iron Casting
32:39 Pikeman
33:05 Arson
32:49 Capped Ram
33:02 Heavy Scorpion
8216699
5:27 Double-Bit Axe
11:06 Feudal Age
14:45 Castle Age
13:54 Bow Saw
13:24 Horse Collar
14:23 Heavy Plow
21:00 Wheelbarrow
22:59 Hand Cart
22:50 Scale Barding Armor
22:56 Forging
23:00 Husbandry
24:10 Cavalier
27:31 Chain Barding Armor
29:00 Iron Casting
34:03 Imperial Age
33:04 Gold Mining
33:05 Stone Mining
34:20 Two-Man Saw
33:53 Crop Rotation
33:10 Loom
Tonymontana
10:12 Feudal Age
15:13 Castle Age
13:59 Double-Bit Axe
14:38 Stone Mining
14:34 Horse Collar
17:56 Bow Saw
17:43 Town Watch
18:37 Wheelbarrow
18:55 Loom
24:35 Scale Mail Armor
24:47 Forging
25:02 Town Watch
26:17 Hand Cart
27:53 Pikeman
28:33 Squires
28:52 Chain Mail Armor
29:12 Iron Casting
34:19 Imperial Age
33:57 Gold Mining
tony le gros rou
9:43 Feudal Age
14:12 Castle Age
15:06 Double-Bit Axe
32:10 Scale Barding Armor
32:15 Forging
32:43 Bloodlines
32:34 Husbandry
La Momone 38
10:39 Feudal Age
10:02 Loom
15:15 Castle Age
13:36 Double-Bit Axe
20:42 Wheelbarrow
22:09 Horse Collar
24:10 Gold Mining
24:31 Stone Mining
25:30 Bow Saw
28:01 Pikeman
ccereal
7:02 Loom
9:15 Feudal Age
10:34 Double-Bit Axe
13:50 Fletching
14:01 Padded Archer Armor
21:13 Castle Age
19:27 Gold Mining
20:55 Horse Collar
21:16 Crossbowman
21:55 Bodkin Arrow
27:23 Wheelbarrow
26:34 Town Watch
30:36 Bow Saw
35:18 Imperial Age
33:39 Gold Shaft Mining
33:34 Ballistics
33:47 Herbal Medicine
Connection lost

Rejoining the realm…

Still unreachable

The connection could not be restored.

Session expired

The server has moved on; the page needs a fresh start.